AoeStats
← WHİTE.MAN.TR

Black Forest

509489622Analyzed
3v3 RM · 5d ago on Sep 27, 2026· 53m 0s· 6 players
Game mode
Random Map
Map size
Normal (6 player)
Population
200
Speed
Normal
Resources
Standard
Victory
Conquest
Starting age
Dark Age
Ending age
Imperial Age
RankedLock teamsTeams togetherTeam positionsShared explorationLock speedFull tech treeHidden civsTurbo modeCheats
Victory
Defeat
🇹🇷 Chinese · Türkiye
1013
+14
🇹🇷 Spanish · Türkiye
999
+14
🇹🇷 Turks · Türkiye
984
+15
🇬🇧 Mongols · United Kingdom
1091
-20
🇬🇧 Britons · United Kingdom
931
-13
🇬🇧 Celts · United Kingdom
857
-10
NAMYAR
2:31 Loom
11:52 Feudal Age
13:38 Town Watch
17:15 Castle Age
16:04 Double-Bit Axe
16:34 Fletching
16:41 Gold Mining
18:53 Bodkin Arrow
22:53 Horse Collar
29:34 Padded Archer Armor
31:21 Herbal Medicine
33:53 Wheelbarrow
34:16 Ballistics
33:58 Murder Holes
37:16 Scale Barding Armor
37:30 Husbandry
37:42 Bloodlines
40:10 Forging
43:01 Light Cavalry
46:23 Chain Barding Armor
49:20 Imperial Age
NAMKRUT
13:54 Feudal Age
16:08 Double-Bit Axe
17:39 Wheelbarrow
22:52 Gold Mining
22:49 Horse Collar
22:52 Fishing Lines
25:17 Castle Age
26:45 Hand Cart
28:59 Bow Saw
28:45 Gillnets
29:03 Heavy Plow
33:33 Imperial Age
33:12 Pikeman
34:15 Onager
39:00 Gold Shaft Mining
39:54 Chemistry
44:32 Siege Onager
51:39 Ballistics
Cushy
8:58 Loom
11:32 Feudal Age
12:21 Double-Bit Axe
12:21 Horse Collar
13:45 Fishing Lines
26:42 Castle Age
27:05 Wheelbarrow
27:43 Bow Saw
27:36 Heavy Plow
27:39 Crossbowman
28:14 Gold Mining
28:27 Gillnets
28:35 Fletching
28:47 Padded Archer Armor
30:13 Squires
31:22 Stone Mining
36:06 Leather Archer Armor
35:47 Bodkin Arrow
37:16 Yeomen
37:50 Hand Cart
43:05 Imperial Age
41:21 Fortified Wall
43:15 Arbalester
44:56 Bracer
46:21 Ring Archer Armor
47:07 Masonry
48:08 Chemistry
49:21 Conscription
49:09 Warwolf
49:49 Hoardings
50:56 Two-Man Saw
50:38 Gold Shaft Mining
50:58 Architecture
50:32 Murder Holes
WHİTE.MAN.TR
13:13 Feudal Age
15:09 Horse Collar
15:21 Double-Bit Axe
18:25 Castle Age
16:52 Stone Mining
23:38 Gold Mining
24:58 Heavy Plow
25:10 Bow Saw
30:23 Imperial Age
28:45 Wheelbarrow
28:02 Town Watch
28:03 Loom
29:16 Fletching
29:27 Padded Archer Armor
29:54 Bodkin Arrow
30:42 Elite Janissary
33:27 Hand Cart
33:13 Town Patrol
34:48 Gold Shaft Mining
34:15 Caravan
36:00 Conscription
36:00 Bloodlines
36:40 Bracer
36:55 Leather Archer Armor
36:46 Scale Barding Armor
36:41 Scale Mail Armor
36:52 Forging
37:05 Artillery
36:41 Sappers
41:23 Two-Man Saw
45:36 Ring Archer Armor
45:27 Chain Barding Armor
45:23 Chain Mail Armor
45:43 Iron Casting
46:23 Coinage
46:04 Guilds
50:59 Plate Barding Armor
50:54 Plate Mail Armor
51:25 Blast Furnace
50:52 Ballistics
TÔRBACI
0:43 Loom
13:21 Feudal Age
14:11 Double-Bit Axe
18:45 Castle Age
22:53 Horse Collar
27:17 Heavy Plow
28:34 Wheelbarrow
28:16 Bow Saw
29:40 Fletching
29:50 Padded Archer Armor
29:12 Elite Skirmisher
33:17 Imperial Age
31:01 Stone Mining
31:02 Gold Mining
31:27 Bodkin Arrow
31:47 Leather Archer Armor
32:38 Ballistics
33:57 Hand Cart
34:20 Bracer
34:50 Ring Archer Armor
37:02 Stone Shaft Mining
36:14 Elite Conquistador
40:14 Chemistry
39:26 Careening
42:17 Caravan
42:47 Coinage
42:27 Guilds
42:25 Inquisition
42:45 Supremacy
42:46 Conscription
43:01 Hoardings
48:06 Pikeman
48:46 Squires
48:55 Halberdier
51:56 Bloodlines
51:46 Husbandry
bATÜn
10:26 Feudal Age
11:12 Double-Bit Axe
11:13 Horse Collar
17:42 Castle Age
17:19 Wheelbarrow
20:31 Bow Saw
20:23 Heavy Plow
26:45 Scale Mail Armor
33:28 Scale Barding Armor
33:39 Chain Mail Armor
36:19 Gold Mining
36:20 Stone Mining
37:17 Caravan
41:34 Imperial Age
39:44 Husbandry
39:54 Bloodlines
40:40 Hand Cart
42:06 Gold Shaft Mining
42:07 Stone Shaft Mining
42:57 Stone Shaft Mining
41:47 Heavy Rocket Cart
43:13 Rocketry
44:54 Chemistry
44:17 Ballistics
44:23 Cavalier
50:07 Chain Barding Armor
50:17 Plate Mail Armor
51:44 Coinage
Connection lost

Rejoining the realm…

Still unreachable

The connection could not be restored.

Session expired

The server has moved on; the page needs a fresh start.